PBL
NIAGARA FALLS PHANTOMS @ COLUMBUS REDS
06/21/2047
 
TOP OF THE 1ST
Niagara Falls Phantoms batting - Pitching for Columbus Reds : RHP Chris Santos
Pitching: RHP Chris Santos
Batting: LHB Luis Ponce 0-0: Called Strike
0-1: SINGLE (Line Drive, 9LS, EV 94.4 MPH)
Batting: LHB Danny de Leon 0-0: Foul Ball, location: 2F
0-1: Ball
1-1: Fielders Choice at 2nd, 6-4 (Groundball, 6, EV 110.0 MPH)
Batting: LHB Chris Viehman 0-0: DOUBLE (Line Drive, 89D, EV 105.6 MPH)
Danny de Leon to third
Batting: RHB Ken Stair 0-0: Ball
1-0: Called Strike
1-1: Foul Ball, location: 2F
1-2: Strikes out swinging
Batting: RHB Paul Ngumi 0-0: Swinging Strike
0-1: Called Strike
0-2: Foul Ball, location: 2F
0-2: Strikes out looking
Top of the 1st over - 0 runs, 2 hits, 0 errors, 2 left on base; Niagara Falls 0 - Columbus 0
BOTTOM OF THE 1ST
Columbus Reds batting - Pitching for Niagara Falls Phantoms : RHP Russ Robinson
Pitching: RHP Russ Robinson
Batting: LHB Fernando Gomez 0-0: Foul Ball, location: 2F
0-1: Foul Ball, location: 2F
0-2: Ball
1-2: Foul Ball, location: 2F
1-2: Ball
2-2: Foul Ball, location: 2F
2-2: SINGLE (Line Drive, 78S, EV 104.4 MPH)
Batting: RHB Randy Grewe 0-0: Ball
1-0: Ball
Fernando Gomez is caught stealing 2nd base 2-4
2-0: Called Strike
2-1: Fly out, F8 (Line Drive, 8LD, EV 86.2 MPH)
Batting: RHB Mark Williams 0-0: Ball
1-0: SINGLE (Groundball, 34, EV 95.0 MPH)
Batting: RHB Alex Juarez 0-0: Ball
1-0: Called Strike
1-1: Called Strike
1-2: Ball
Mark Williams steals 2nd base
2-2: Ground out 3-1 (Groundball, 3D, EV 85.6 MPH)
Bottom of the 1st over - 0 runs, 2 hits, 0 errors, 1 left on base; Niagara Falls 0 - Columbus 0
TOP OF THE 2ND
Niagara Falls Phantoms batting - Pitching for Columbus Reds : RHP Chris Santos
Batting: SHB Dylan Best 0-0: Swinging Strike
0-1: SINGLE (Line Drive, 6MD, EV 100.0 MPH)
Batting: LHB Dave Ortiz 0-0: Ball
1-0: Called Strike
1-1: Called Strike
Dylan Best steals 2nd base
1-2: Strikes out swinging
Batting: RHB Arturo Gomez 0-0: Called Strike
0-1: Ball
1-1: Ground out 6-3 (Groundball, 6, EV 85.6 MPH)
Batting: LHB Victor Reyna 0-0: Ball
1-0: Called Strike
1-1: 2-RUN HOME RUN (Flyball, 89XD, EV 110.6 MPH), Distance : 431 ft
Batting: LHB Luis Ponce 0-0: Called Strike
0-1: Ball
1-1: Fly out, F9 (Line Drive, 89M, EV 107.5 MPH)
Top of the 2nd over - 2 runs, 2 hits, 0 errors, 0 left on base; Niagara Falls 2 - Columbus 0
BOTTOM OF THE 2ND
Columbus Reds batting - Pitching for Niagara Falls Phantoms : RHP Russ Robinson
Batting: RHB Ed Santibanez 0-0: Ground out 5-3 (Groundball, 5L, EV 81.9 MPH)
Batting: SHB Cesar Pelayo 0-0: Fly out, F4 (Line Drive, 4, EV 73.1 MPH)
Batting: RHB Gabriel Arias 0-0: Fly out, F4 (Line Drive, 34, EV 63.1 MPH)
Bottom of the 2nd over - 0 runs, 0 hits, 0 errors, 0 left on base; Niagara Falls 2 - Columbus 0
TOP OF THE 3RD
Niagara Falls Phantoms batting - Pitching for Columbus Reds : RHP Chris Santos
Batting: LHB Danny de Leon 0-0: Ball
1-0: Called Strike
1-1: Ball
2-1: Called Strike
2-2: Ball
3-2: Foul Ball, location: 2F
3-2: DOUBLE (Line Drive, 8RXD, EV 105.0 MPH)
Batting: LHB Chris Viehman 0-0: Swinging Strike
0-1: Called Strike
0-2: Ball
1-2: Ball
2-2: Foul Ball, location: 2F
2-2: Foul Ball, location: 2F
2-2: Strikes out swinging
Batting: RHB Ken Stair 0-0: Called Strike
0-1: Foul Ball, location: 2F
0-2: Ball
Wild Pitch!
Danny de Leon to third
1-2: Foul Ball, location: 2F
1-2: Strikes out swinging
Batting: RHB Paul Ngumi 0-0: Swinging Strike
0-1: Called Strike
0-2: Fly out, F6 (Popup, 6MS, EV 68.1 MPH)
Top of the 3rd over - 0 runs, 1 hit, 0 errors, 1 left on base; Niagara Falls 2 - Columbus 0
BOTTOM OF THE 3RD
Columbus Reds batting - Pitching for Niagara Falls Phantoms : RHP Russ Robinson
Batting: LHB Mike Becerra 0-0: Fly out, F7 (Flyball, 78M, EV 92.5 MPH)
Batting: RHB Cornholdo Schwerin 0-0: Ground out 3-1 (Groundball, 34, EV 86.2 MPH)
Batting: LHB Fernando Gomez 0-0: Foul Ball, location: 2F
0-1: Ball
1-1: Ball
2-1: Ball
3-1: Foul Ball, location: 2F
3-2: SOLO HOME RUN (Line Drive, 9D, EV 105.0 MPH), Distance : 392 ft
Batting: RHB Randy Grewe 0-0: Foul Ball, location: 2F
0-1: Called Strike
0-2: Ball
1-2: Strikes out swinging
Bottom of the 3rd over - 1 run, 1 hit, 0 errors, 0 left on base; Niagara Falls 2 - Columbus 1
TOP OF THE 4TH
Niagara Falls Phantoms batting - Pitching for Columbus Reds : RHP Chris Santos
Batting: SHB Dylan Best 0-0: Ball
1-0: Foul Ball, location: 2F
1-1: Called Strike
1-2: Ball
2-2: Ball
3-2: Fly out, F8 (Flyball, 8LD, EV 104.4 MPH)
Batting: LHB Dave Ortiz 0-0: Called Strike
0-1: Ball
1-1: Ball
2-1: Ball
3-1: Fly out, F7 (Flyball, 7, EV 88.1 MPH)
Batting: RHB Arturo Gomez 0-0: Called Strike
0-1: Ball
1-1: Foul Ball, location: 2F
1-2: Ground out 4-3 (Groundball, 4S, EV 84.4 MPH)
Top of the 4th over - 0 runs, 0 hits, 0 errors, 0 left on base; Niagara Falls 2 - Columbus 1
BOTTOM OF THE 4TH
Columbus Reds batting - Pitching for Niagara Falls Phantoms : RHP Russ Robinson
Batting: RHB Mark Williams 0-0: Foul Ball, location: 2F
0-1: Ball
1-1: Foul Ball, location: 2F
1-2: Ball
2-2: Foul Ball, location: 2F
2-2: Ball
3-2: Foul Ball, location: 2F
3-2: Fly out, F8 (Line Drive, 8RD, EV 103.8 MPH)
Batting: RHB Alex Juarez 0-0: Ball
1-0: SINGLE (Line Drive, 78S, EV 101.9 MPH)
Batting: RHB Ed Santibanez 0-0: Ball
1-0: Grounds into double play, 5-4-3 (Groundball, 56, EV 88.8 MPH)
Bottom of the 4th over - 0 runs, 1 hit, 0 errors, 0 left on base; Niagara Falls 2 - Columbus 1
TOP OF THE 5TH
Niagara Falls Phantoms batting - Pitching for Columbus Reds : RHP Chris Santos
Batting: LHB Victor Reyna 0-0: Ball
1-0: Called Strike
1-1: Ball
2-1: Foul Ball, location: 2F
2-2: Strikes out swinging, 2-3 out at first.
Batting: LHB Luis Ponce 0-0: Ball
1-0: Ball
2-0: Ball
3-0: Called Strike
3-1: Foul Ball, location: 2F
3-2: Foul Ball, location: 2F
3-2: Foul Ball, location: 2F
3-2: Foul Ball, location: 2F
3-2: Base on Balls
Batting: LHB Danny de Leon 0-0: Swinging Strike
0-1: Called Strike
Luis Ponce steals 2nd, throwing error, E2
Luis Ponce to third
0-2: Ball
1-2: Foul Ball, location: 2F
1-2: Hit by Pitch
Batting: LHB Chris Viehman 0-0: Called Strike
0-1: Ball
1-1: Ball
2-1: SINGLE (Line Drive, 56D, EV 94.4 MPH)
Luis Ponce scores
Danny de Leon to second
Batting: RHB Ken Stair 0-0: Swinging Strike
0-1: Ball
1-1: Foul Ball, location: 2F
1-2: Ball
2-2: Strikes out looking
Batting: RHB Paul Ngumi 0-0: Swinging Strike
0-1: Called Strike
0-2: Strikes out looking
Top of the 5th over - 1 run, 1 hit, 1 error, 2 left on base; Niagara Falls 3 - Columbus 1
BOTTOM OF THE 5TH
Columbus Reds batting - Pitching for Niagara Falls Phantoms : RHP Russ Robinson
Batting: SHB Cesar Pelayo 0-0: SINGLE (Groundball, 6MD, EV 95.0 MPH)
Batting: RHB Gabriel Arias 0-0: Called Strike
0-1: Foul Ball, location: 2F
0-2: Ball
1-2: Ball
2-2: Strikes out swinging
Batting: LHB Mike Becerra 0-0: SINGLE (Groundball, 56D, EV 103.8 MPH)
Cesar Pelayo to second
Batting: RHB Cornholdo Schwerin 0-0: Called Strike
0-1: Fly out, F8 (Flyball, 8RS, EV 83.8 MPH)
Batting: LHB Fernando Gomez 0-0: Ball
1-0: Swinging Strike
1-1: Foul Ball, location: 2F
1-2: Ball
2-2: Strikes out swinging
Bottom of the 5th over - 0 runs, 2 hits, 0 errors, 2 left on base; Niagara Falls 3 - Columbus 1
TOP OF THE 6TH
Niagara Falls Phantoms batting - Pitching for Columbus Reds : RHP Chris Santos
Batting: SHB Dylan Best 0-0: Ball
1-0: Ball
2-0: Swinging Strike
2-1: Foul Ball, location: 2F
2-2: Fly out, F8 (Flyball, 78M, EV 79.4 MPH)
Batting: LHB Dave Ortiz 0-0: Ball
1-0: Ball
2-0: Ball
3-0: Base on Balls
Pitching: RHP Amador Sadaba
Batting: RHB Arturo Gomez 0-0: Fly out, F9 (Line Drive, 9, EV 86.2 MPH)
Batting: LHB Victor Reyna 0-0: Foul Ball, location: 2F
0-1: Swinging Strike
0-2: Ball
1-2: Strikes out swinging
Top of the 6th over - 0 runs, 0 hits, 0 errors, 1 left on base; Niagara Falls 3 - Columbus 1
BOTTOM OF THE 6TH
Columbus Reds batting - Pitching for Niagara Falls Phantoms : RHP Russ Robinson
Batting: RHB Randy Grewe 0-0: Called Strike
0-1: Ball
1-1: Ball
2-1: Fly out, F9 (Flyball, 9LD, EV 94.4 MPH)
Batting: RHB Mark Williams 0-0: Ball
1-0: Called Strike
1-1: Ball
2-1: Ball
3-1: Base on Balls
Batting: RHB Alex Juarez 0-0: Ball
Mark Williams steals 2nd base
1-0: Ground out 6-3 (Groundball, 6, EV 100.0 MPH)
Batting: RHB Ed Santibanez 0-0: Foul Ball, location: 2F
0-1: Called Strike
0-2: Foul Ball, location: 2F
0-2: Ball
1-2: Ball
2-2: Foul Ball, location: 2F
2-2: Strikes out swinging
Bottom of the 6th over - 0 runs, 0 hits, 0 errors, 1 left on base; Niagara Falls 3 - Columbus 1
TOP OF THE 7TH
Niagara Falls Phantoms batting - Pitching for Columbus Reds : RHP Amador Sadaba
Batting: LHB Luis Ponce 0-0: Called Strike
0-1: Foul Ball, location: 2F
0-2: Strikes out looking
Batting: LHB Danny de Leon 0-0: Ball
1-0: Ball
2-0: Called Strike
2-1: Ball
3-1: Foul Ball, location: 2F
3-2: Base on Balls
Batting: LHB Chris Viehman 0-0: Ball
1-0: Ball
2-0: Ball
3-0: Called Strike
3-1: Foul Ball, location: 2F
3-2: Strikes out looking
Batting: RHB Ken Stair 0-0: Ball
1-0: Fly out, F4 (Popup, 4S, EV 77.5 MPH)
Top of the 7th over - 0 runs, 0 hits, 0 errors, 1 left on base; Niagara Falls 3 - Columbus 1
BOTTOM OF THE 7TH
Columbus Reds batting - Pitching for Niagara Falls Phantoms : RHP Russ Robinson
Batting: SHB Cesar Pelayo 0-0: Foul Ball, location: 2F
0-1: Ball
1-1: Ball
2-1: Swinging Strike
2-2: Foul Ball, location: 2F
2-2: Ball
3-2: Foul Ball, location: 2F
3-2: Fly out, F3 (Popup, 3, EV 73.8 MPH)
Batting: RHB Gabriel Arias 0-0: Foul Ball, location: 2F
0-1: Foul Ball, location: 2F
0-2: Ground out 6-3 (Groundball, 6, EV 101.2 MPH)
Batting: LHB Mike Becerra 0-0: Ball
1-0: Ball
2-0: Ball
3-0: Base on Balls
Pinch Hitting: LHB Jamie Spangenberg 0-0: Ball
1-0: SINGLE (Flyball, 56D, EV 90.6 MPH)
Mike Becerra to second
Batting: LHB Fernando Gomez 0-0: Called Strike
0-1: Fly out, F8 (Flyball, 78S, EV 91.2 MPH)
Bottom of the 7th over - 0 runs, 1 hit, 0 errors, 2 left on base; Niagara Falls 3 - Columbus 1
TOP OF THE 8TH
Niagara Falls Phantoms batting - Pitching for Columbus Reds : RHP Amador Sadaba
Now in CF: Tim Kirk
Batting: RHB Paul Ngumi 0-0: Ball
1-0: Called Strike
1-1: SINGLE (Line Drive, 34, EV 108.1 MPH)
Batting: SHB Dylan Best 0-0: Called Strike
0-1: Ball
1-1: Fielders Choice at 2nd, 6-4 (Groundball, 6, EV 85.6 MPH)
Pitching: RHP Guang Jue
Batting: LHB Dave Ortiz 0-0: Ball
1-0: Ball
2-0: Called Strike
2-1: Foul Ball, location: 2F
2-2: Foul Ball, location: 2F
2-2: Strikes out swinging
Batting: RHB Arturo Gomez 0-0: Ball
1-0: Foul Ball, location: 2F
1-1: Ball
2-1: Swinging Strike
2-2: Ball
3-2: Strikes out swinging
Top of the 8th over - 0 runs, 1 hit, 0 errors, 1 left on base; Niagara Falls 3 - Columbus 1
BOTTOM OF THE 8TH
Columbus Reds batting - Pitching for Niagara Falls Phantoms : RHP Russ Robinson
Batting: RHB Randy Grewe 0-0: Foul Ball, location: 2F
0-1: Ball
1-1: Foul Ball, location: 2F
1-2: SINGLE (Line Drive, 78S, EV 106.2 MPH)
Pinch Hitting: LHB Matthew Berry 0-0: Foul Ball, location: 2F
0-1: Swinging Strike
0-2: Foul Ball, location: 2F
0-2: Ball
1-2: SINGLE (Groundball, 56D, EV 101.9 MPH)
Randy Grewe to second
Batting: RHB Alex Juarez 0-0: Ball
1-0: Ball
2-0: Ball
3-0: Called Strike
3-1: Foul Ball, location: 2F
3-2: Base on Balls
Randy Grewe to third
Matthew Berry to second
Pitching: RHP Javy Gonzalez
Batting: RHB Ed Santibanez 0-0: Swinging Strike
0-1: Grounds into fielders choice 4-2 (Groundball, 4MS, EV 61.9 MPH)
Matthew Berry to third
Alex Juarez to second
Batting: SHB Cesar Pelayo 0-0: Ball
1-0: Ball
2-0: Foul Ball, location: 2F
2-1: Foul Ball, location: 2F
2-2: Strikes out swinging
Pinch Hitting: RHB Juan Zamora 0-0: Called Strike
0-1: Ball
1-1: Foul Ball, location: 2F
1-2: Fly out, F7 (Flyball, 78S, EV 85.6 MPH)
Bottom of the 8th over - 0 runs, 2 hits, 0 errors, 3 left on base; Niagara Falls 3 - Columbus 1
TOP OF THE 9TH
Niagara Falls Phantoms batting - Pitching for Columbus Reds : RHP Guang Jue
Now at C: Cesar Pelayo
Now at 1B: Matthew Berry
Now at 2B: Juan Zamora
Pinch Hitting: LHB Ernesto Abreu 0-0: Ball
1-0: Ball
2-0: Ball
3-0: Base on Balls
Batting: LHB Luis Ponce 0-0: Ball
1-0: Called Strike
1-1: Swinging Strike
1-2: Grounds into double play, 5-4-3 (Groundball, 56S, EV 87.5 MPH)
Batting: LHB Danny de Leon 0-0: Ball
1-0: Called Strike
1-1: Ball
2-1: Foul Ball, location: 2F
2-2: Ground out 5-3 (Groundball, 56, EV 101.9 MPH)
Top of the 9th over - 0 runs, 0 hits, 0 errors, 0 left on base; Niagara Falls 3 - Columbus 1
BOTTOM OF THE 9TH
Columbus Reds batting - Pitching for Niagara Falls Phantoms : RHP Javy Gonzalez
Pitching: LHP Daniel Fagan
Now in CF: Ernesto Abreu
Pinch Hitting: RHB Jonathan Davis 0-0: Called Strike
0-1: Swinging Strike
0-2: Ball
1-2: Ball
2-2: SINGLE (Groundball, P, EV 88.1 MPH) (infield hit)
Pinch Hitting: RHB Ben Burkholder 0-0: Ball
1-0: Ball
Wild Pitch!
Jonathan Davis to second
2-0: Ball
3-0: Base on Balls
Batting: LHB Fernando Gomez 0-0: Ball
1-0: Ball
2-0: Ball
3-0: Called Strike
3-1: Foul Ball, location: 2F
3-2: SINGLE (Groundball, 5S, EV 98.8 MPH)
Jonathan Davis to third
Ben Burkholder to second
Batting: RHB Randy Grewe 0-0: Called Strike
0-1: Ball
1-1: Hit by Pitch
Jonathan Davis scores
Ben Burkholder to third
Fernando Gomez to second
Batting: LHB Matthew Berry 0-0: Foul Ball, location: 2F
0-1: Called Strike
0-2: Ball
1-2: Ball
2-2: Grounds into fielders choice 1-2 (Groundball, 15S, EV 62.5 MPH)
Fernando Gomez to third
Randy Grewe to second
Batting: RHB Alex Juarez 0-0: Ball
1-0: Swinging Strike
1-1: Called Strike
1-2: Ball
2-2: Ball
3-2: Foul Ball, location: 2F
3-2: Strikes out swinging
Batting: RHB Ed Santibanez 0-0: Ball
1-0: Foul Ball, location: 2F
1-1: Ball
2-1: Ball
3-1: Base on Balls
Fernando Gomez scores
Randy Grewe to third
Matthew Berry to second
Pitching: LHP Jordan Medina
Pinch Hitting: RHB Ernie Maldonado 0-0: Ball
1-0: Ball
2-0: Foul Ball, location: 2F
2-1: Fly out, F6 (Line Drive, 6MD, EV 66.9 MPH)
Bottom of the 9th over - 2 runs, 2 hits, 0 errors, 3 left on base; Niagara Falls 3 - Columbus 3
TOP OF THE 10TH
Niagara Falls Phantoms batting - Pitching for Columbus Reds : RHP Guang Jue
Pitching: RHP Victor Uriegas
Now at C: Alex Villagomez
Now in CF: Jose Cruz
Now in RF: Alex Ruybalid
Batting: LHB Chris Viehman 0-0: Called Strike
0-1: Called Strike
0-2: Ball
1-2: SINGLE (Groundball, 34D, EV 103.8 MPH)
Batting: RHB Ken Stair 0-0: Called Strike
0-1: Ball
1-1: Ball
2-1: Foul Ball, location: 2F
2-2: Foul Ball, location: 2F
2-2: Foul Ball, location: 2F
2-2: Foul Ball, location: 2F
2-2: Strikes out swinging
Batting: RHB Paul Ngumi 0-0: Ball
1-0: Ball
2-0: Called Strike
2-1: Grounds into double play, 6-4-3 (Groundball, 6, EV 90.6 MPH)
Top of the 10th over - 0 runs, 1 hit, 0 errors, 0 left on base; Niagara Falls 3 - Columbus 3
BOTTOM OF THE 10TH
Columbus Reds batting - Pitching for Niagara Falls Phantoms : LHP Jordan Medina
Batting: RHB Juan Zamora 0-0: Ball
1-0: Foul Ball, location: 2F
1-1: Foul Ball, location: 2F
1-2: Ball
2-2: Foul Ball, location: 2F
2-2: Ball
3-2: SINGLE (Groundball, 56D, EV 96.9 MPH)
Batting: RHB Alex Villagomez 0-0: Called Strike
0-1: Foul Ball, location: 2F
0-2: Strikes out swinging
Pinch Hitting: RHB Aaron Barraza 0-0: Ball
1-0: Fly out, F8 (Flyball, 8RD, EV 80.6 MPH)
Batting: LHB Fernando Gomez 0-0: Foul Ball, location: 2F
0-1: Ball
1-1: Called Strike
1-2: Foul Ball, location: 2F
1-2: Foul Ball, location: 2F
1-2: Foul Ball, location: 2F
1-2: Strikes out swinging
Bottom of the 10th over - 0 runs, 1 hit, 0 errors, 1 left on base; Niagara Falls 3 - Columbus 3
TOP OF THE 11TH
Niagara Falls Phantoms batting - Pitching for Columbus Reds : RHP Victor Uriegas
Now in CF: Alex Ruybalid
Now in RF: Gabe Morales
Pinch Hitting: RHB Jose Villanueva 0-0: Ground out 6-3 (Groundball, 6, EV 82.5 MPH)
Batting: LHB Dave Ortiz 0-0: Called Strike
0-1: Swinging Strike
0-2: Ball
1-2: Strikes out swinging
Batting: RHB Arturo Gomez 0-0: Fly out, F9 (Flyball, 9LS, EV 90.0 MPH)
Top of the 11th over - 0 runs, 0 hits, 0 errors, 0 left on base; Niagara Falls 3 - Columbus 3
BOTTOM OF THE 11TH
Columbus Reds batting - Pitching for Niagara Falls Phantoms : LHP Jordan Medina
Pitching: RHP Mauricio Zambrana
Now at 3B: Jose Villanueva
Batting: RHB Randy Grewe 0-0: Ball
1-0: SINGLE (Groundball, 56D, EV 108.1 MPH)
Batting: LHB Matthew Berry 0-0: Called Strike
Randy Grewe steals 2nd base (no throw)
0-1: Ball
1-1: Intentional Walk
Batting: RHB Alex Juarez 0-0: Fly out, F7 (Line Drive, 7, EV 91.9 MPH)
Batting: RHB Ed Santibanez 0-0: Called Strike
0-1: Ball
1-1: Foul Ball, location: 2F
1-2: Foul Ball, location: 2F
1-2: Ball
2-2: Strikes out swinging
Batting: RHB Alex Ruybalid 0-0: SINGLE (Groundball, 56S, EV 76.2 MPH) (infield hit)
Randy Grewe to third
Matthew Berry to second
Batting: RHB Juan Zamora 0-0: Ball
1-0: Foul Ball, location: 2F
1-1: Ball
2-1: Swinging Strike
2-2: Foul Ball, location: 2F
2-2: Ball
3-2: SINGLE (Groundball, 56, EV 96.9 MPH)
Randy Grewe scores
Bottom of the 11th over - 1 run, 3 hits, 0 errors, 2 left on base; Niagara Falls 3 - Columbus 4
Thursday, December 15th , 2022 - OOTP Baseball 23.9 Build 102